 Dungeon Crawl Stone Soup version 0.28-a0-1518-gbe868bca14 (webtiles) character file.

Game seed: 17285428041496660429

37492 buddhastalin the Severer (level 13, -4/178 HPs)
             Began as a Pale Draconian Berserker on Jan 16, 2022.
             Was a High Priest of Trog.
             Slain by a guardian serpent (11 damage)
             ... on level 4 of the Lair of Beasts.
             The game lasted 00:38:50 (23050 turns).

buddhastalin the Severer (DrBe)                    Turns: 23050, Time: 00:38:50

Health: -4/178     AC: 18    Str: 21    XL:     13   Next: 58%
Magic:  13/13      EV: 15    Int: 12    God:    Trog [*****.]
Gold:   840        SH:  0    Dex: 10    Spells: 12/12 levels left

rFire   + . .      SeeInvis .   a - +1 war axe (protect)
rCold   . . .      Faith    .   (no shield)
rNeg    . . .      Spirit   .   (armour unavailable)
rPois   .          Reflect  .   v - +2 hat {Will+}
rElec   .          Harm     .   r - scarf {repulsion}
rCorr   +          Rampage  .   h - +0 pair of gloves
Will    +....                   (no boots)
Stlth   ..........              (no amulet)
HPRegen 0.39/turn               q - ring of resist corrosion
MPRegen 0.13/turn               C - ring of protection from fire

@: berserking, lethally poisoned (-4 -> -40), under a protective aura, repel
missiles, very quick
A: breathe steam, AC +8, unfitting armour, cold-blooded, steam resistance
a: Breathe Steam, Renounce Religion, Berserk, Trog's Hand, Brothers in Arms


You were on level 4 of the Lair of Beasts.
You worshipped Trog.
Trog was extremely pleased with you.
You visited 2 branches of the dungeon, and saw 15 of its levels.

You collected 840 gold pieces.

Inventory:

Hand Weapons
 a - a +1 war axe of protection (weapon)
 b - a +1 hand axe of flaming
 y - a +2 hand axe of holy wrath
Missiles
 w - 5 throwing nets
 B - 5 poisoned darts (quivered)
Armour
 h - a +0 pair of gloves (worn)
 r - a scarf of repulsion (worn)
 v - a +2 hat of willpower (worn)
Jewellery
 q - a ring of resist corrosion (left hand)
 C - a ring of protection from fire (right hand)
Wands
 g - a wand of polymorph (10)
 m - a wand of digging (10)
 n - a wand of flame (6)
 p - a wand of paralysis (6)
 z - a wand of acid (11)
 A - a wand of mindburst (6)
Scrolls
 c - 3 scrolls of magic mapping
 i - a scroll of identify
 o - a scroll of enchant armour
 s - a scroll of fog
Potions
 d - a potion of invisibility {unknown}
 e - 2 potions of lignification
 f - 3 potions of attraction
 j - 2 potions of cancellation
 k - 8 potions of curing
 l - a potion of mutation {unknown}
 t - a potion of might {unknown}
 u - 2 potions of resistance
 x - a potion of brilliance {unknown}


   Skills:
 + Level 12.4 Fighting
 * Level 18.1 Axes
 + Level 10.5 Dodging


You had 12 spell levels left.
You didn't know any spells.
Your spell library was empty.

Dungeon Overview and Level Annotations

Branches:
Dungeon (11/15)            Temple (0/1) D:7            Lair (4/6) D:10
  Swamp (0/4) Lair:4        Snake (0/4) Lair:4          Orc (0/2) D:10

Altars:
Cheibriados
Dithmenos
Elyvilon
Okawaru
Sif Muna
Trog
Uskayaw
Xom
The Shining One

Shops:
D:5 *


Innate Abilities, Weirdness & Mutations

You can breathe blasts of scalding, opaque steam.
Your pale cyan-grey scales are hard. (AC +8)
You cannot fit into any form of body armour.
You are cold-blooded and may be slowed by cold attacks.
You are immune to the effects of steam.


Message History

The guardian serpent casts a spell at you.
The bolt of poison hits you!
You are more poisoned.
The guardian serpent hits you!
You hit the guardian serpent.
The guardian serpent is severely wounded.
You feel very sick. The guardian serpent hits you.
* * * LOW HITPOINT WARNING * * *
You slash the guardian serpent!
The guardian serpent is almost dead.
You feel very sick.
The guardian serpent closely misses you.
You closely miss the guardian serpent.
You tail-slap the guardian serpent, but do no damage.
The guardian serpent is almost dead.
You feel very sick.
The guardian serpent coils itself and waves its upper body at you.
The bolt of poison is repelled.
A red film seems to cover your vision as you go berserk!
You feel yourself moving faster!
You feel mighty!
You feel very sick.
The guardian serpent coils itself and waves its upper body at you.
The bolt of poison hits you!
You are more poisoned.
* * * LOW HITPOINT WARNING * * *
You hit the guardian serpent but do no damage.
Your tail-slap misses the guardian serpent.
The guardian serpent is almost dead.
You feel sick.
The guardian serpent coils itself and waves its upper body at you.
The bolt of poison hits you!!
You are lethally poisoned!
* * * LOW HITPOINT WARNING * * *
You closely miss the guardian serpent.
The guardian serpent is almost dead.
* * * LOW HITPOINT WARNING * * *
You feel very sick. The guardian serpent hits you!
You die...

#........ .#...##.
.....#..... ....#. ..
....##......##.... $.
....##...#..#?...## .# .
#...##.#...#.P.†..##.##..
#........................
.........................
.........................
................@........
................S........
..(......................
.[....##÷###P..>..##.#..#
.....##..###.....#.#.####
#.....##†.#.#........$.
.....###..†.#..........
P....###...............#
#.....#...###....P......


You could see a guardian serpent.

Vanquished Creatures
  Gastronok (D:8)
  Harold (Lair:2)
  5 hydras
  2 two-headed ogres (D:10)
  A manticore (Lair:3)
  5 black mambas
  4 elephants (Lair:4)
  11 cane toads
  3 rime drakes
  8 komodo dragons
  A kobold demonologist (D:9)
  A queen bee (Lair:3)
  3 trolls
  A hornet (Lair:2)
  14 blink frogs
  Grinder (D:3)
  3 wyverns
  2 wraiths
  30 yaks
  4 basilisks
  4 steam dragons
  10 water moccasins
  8 orc warriors
  An ice beast (D:6)
  A black bear (D:6)
  An ogre (D:5)
  A necrophage (D:7)
  2 centaurs (D:10)
  12 wolves
  A phantom (D:5)
  9 bullfrogs
  Blork the orc (D:6)
  2 kobold brigands
  2 gnoll sergeants
  4 scorpions
  34 killer bees
  6 electric eels
  2 howler monkeys (D:10)
  3 centaur zombies (D:8)
  2 bullfrog zombies (D:5)
  2 jellies (D:5)
  A hound (D:4)
  7 orc priests
  3 bullfrog skeletons
  A gnoll shaman (D:4)
  3 iguanas
  Ijyb (D:3)
  6 orc wizards
  A hound zombie (D:5)
  19 gnolls
  A howler monkey zombie (D:7)
  4 adders
  A howler monkey skeleton (D:7)
  2 white imps
  2 ufetubi
  An adder skeleton (D:4)
  6 worms
  38 orcs
  6 bats
  5 endoplasms
  3 giant cockroaches (D:1)
  7 goblins
  12 hobgoblins
  13 jackals
  16 kobolds
  2 quokkas
  8 ball pythons
  2 frilled lizards
  5 rats
385 creatures vanquished.

Vanquished Creatures (collateral kills)
  A black mamba (Lair:2)
1 creature vanquished.

Vanquished Creatures (others)
  A killer bee (Lair:3)
  An orc (D:10)
  57 fungi
  64 plants
123 creatures vanquished.

Grand Total: 509 creatures vanquished

Notes
Turn   | Place    | Note
-------+----------+-------------------------------------------
     0 | D:1      | buddhastalin the Draconian Berserker began the quest for
                  | the Orb.
     0 | D:1      | Reached XP level 1. HP: 19/19 MP: 1/1
   220 | D:1      | Reached XP level 2. HP: 21/26 MP: 2/2
  1028 | D:1      | You fall into a shaft and drop 1 floor!
  1128 | D:2      | Reached ** piety under Trog
  1152 | D:2      | Found a hide-covered altar of Uskayaw.
  1227 | D:1      | Reached XP level 3. HP: 31/31 MP: 3/3
  1509 | D:1      | Found a faded altar of an unknown god.
  1835 | D:2      | Reached skill level 4 in Axes
  2037 | D:2      | Reached XP level 4. HP: 40/40 MP: 4/4
  2907 | D:3      | Found a snail-covered altar of Cheibriados.
  3179 | D:3      | Noticed Ijyb
  3180 | D:3      | Noticed Grinder
  3185 | D:3      | Killed Grinder
  3186 | D:3      | Reached skill level 5 in Axes
  3186 | D:3      | Reached XP level 5. HP: 35/47 MP: 5/5
  3186 | D:3      | Reached XP level 6. HP: 39/53 MP: 6/6
  3188 | D:3      | Killed Ijyb
  3474 | D:3      | Reached *** piety under Trog
  3746 | D:4      | Reached skill level 5 in Fighting
  4091 | D:4      | Reached skill level 6 in Axes
  4108 | D:4      | Your scales start taking on a pale cyan-grey colour.
  4108 | D:4      | Reached XP level 7. HP: 50/61 MP: 7/7
  4108 | D:4      | Gained mutation: You are immune to the effects of steam.
                  | [Pale Draconian growth]
  4344 | D:4      | Found an iron altar of Okawaru.
  4344 | D:4      | Found a white marble altar of Elyvilon.
  4484 | D:4      | Found a shimmering altar of Xom.
  4901 | D:5      | Entered Level 5 of the Dungeon
  4942 | D:5      | Found Kiceacrea's Assorted Antiques.
  5288 | D:5      | Found a shimmering blue altar of Sif Muna.
  5565 | D:5      | Found a glowing golden altar of the Shining One.
  5806 | D:5      | Reached skill level 7 in Axes
  6074 | D:5      | Reached XP level 8. HP: 70/70 MP: 8/8
  6090 | D:5      | Found a shadowy altar of Dithmenos.
  6430 | D:6      | Reached skill level 5 in Dodging
  6998 | D:6      | Noticed a troll
  7008 | D:6      | Killed a troll
  7009 | D:6      | Reached skill level 8 in Axes
  7176 | D:6      | Reached **** piety under Trog
  7707 | D:6      | Found a bloodstained altar of Trog.
  7788 | D:6      | Noticed Blork the orc
  7805 | D:6      | Killed Blork the orc
  7806 | D:6      | Reached XP level 9. HP: 71/79 MP: 9/9
  7813 | D:6      | Reached skill level 9 in Axes
  8822 | D:7      | Found a staircase to the Ecumenical Temple.
  8850 | D:7      | Noticed a troll
  8860 | D:7      | Killed a troll
  8861 | D:7      | Reached skill level 10 in Axes
  9351 | D:7      | Identified the +1 dagger of Miublite {protect, rElec}
  9630 | D:8      | Noticed Gastronok
  9644 | D:8      | Killed Gastronok
  9645 | D:8      | Reached XP level 10. HP: 90/90 MP: 10/10
 10096 | D:8      | Reached skill level 14 in Axes
 10096 | D:8      | Reached XP level 11. HP: 94/95 MP: 11/11
 11886 | D:9      | Found a hide-covered altar of Uskayaw.
 12172 | D:10     | Entered Level 10 of the Dungeon
 12172 | D:10     | Noticed a two-headed ogre
 12180 | D:10     | Killed a two-headed ogre
 12219 | D:10     | Reached ***** piety under Trog
 12571 | D:10     | Reached skill level 15 in Axes
 13242 | D:10     | Noticed a two-headed ogre
 13252 | D:10     | Killed a two-headed ogre
 13639 | D:10     | Found a staircase to the Lair.
 13942 | D:10     | Found a staircase to the Orcish Mines.
 14295 | Lair:1   | Entered Level 1 of the Lair of Beasts
 14694 | Lair:1   | Noticed a six-headed hydra
 14754 | D:11     | Reached skill level 10 in Fighting
 14810 | D:11     | Noticed a six-headed hydra
 14921 | Lair:1   | Killed a one-headed hydra
 15330 | Lair:1   | Reached XP level 12. HP: 103/106 MP: 12/12
 15565 | Lair:1   | Reached skill level 16 in Axes
 16349 | Lair:2   | HP: 4/108 [black mamba (14)]
 17035 | Lair:2   | Noticed a seven-headed hydra
 17050 | Lair:2   | Killed a one-headed hydra
 17377 | Lair:2   | Received a gift from Trog
 17780 | Lair:2   | Noticed a four-headed hydra
 18254 | Lair:2   | Reached skill level 17 in Axes
 18997 | Lair:2   | Found the ring of the Mage {Wiz Archmagi}
 19269 | Lair:2   | Noticed Harold
 19284 | Lair:2   | Killed Harold
 19285 | Lair:2   | Reached XP level 13. HP: 116/116 MP: 13/13
 20408 | Lair:3   | Reached skill level 10 in Dodging
 21994 | Lair:3   | Identified the +3 whip of Twilight {pain, rElec rF+ Will+
                  | Dex+3}
 22619 | Lair:4   | Reached skill level 18 in Axes
 22668 | Lair:4   | Found a staircase to the Swamp.
 22914 | Lair:4   | Found a staircase to the Snake Pit.
 23050 | Lair:4   | HP: 7/178 [poisoned by a guardian serpent (bolt of poison)]
 23050 | Lair:4   | Slain by a guardian serpent

Illustrated notes

Levels and vault maps discovered:
D:1:      dpeg_arrival_morbid_curiosity, layout_basic,
          hellmonk_ecumenical_altar_arch_garden, st_stairs_6,
          minmay_misc_feat_columns, hangedman_decor_slide_cut,
          nicolae_figureground_pulse
D:2:      layout_basic, basic_altar, minivault_26, skrybe_limestone_x,
          columned_hall_lemuel
D:3:      layout_basic, mainiacjoe_overflow_24_doors, item_on_display_a,
          uniq_grinder, uniq_ijyb
D:4:      layout_basic, gammafunk_temple_overflow_elements,
          amcnicky_altar_gilded
D:5:      layout_loops_ring, mainiacjoe_overflow_six_doors_small,
          mainiacjoe_overflow_catch_the_wave, serial_shops, kennysheep_mini_moat
D:6:      layout_basic, trog_butcher_becter, uniq_blork_the_orc
D:7:      layout_loops_ring, minmay_temple_entry_large_hall
D:8:      layout_basic, uniq_gastronok
D:9:      layout_rooms, overflow_temple_1_default
D:10:     layout_long_grid, lair_entry_dummy, erik_orc_2
D:11:     layout_small_grid, serial_shops, nicolae_shop_window_shopping,
          zin_purify
Lair:1:   layout_regular_city, serial_bayou_pond_a, amcnicky_mini_pool_medium,
          infiniplex_staircase_pool_2, grunt_megastairs_4, lemuel_fruit_fields
Lair:2:   nzn_winding_woodlands_cross [nzn_winding_woodlands_5x15_concentric,
          nzn_winding_woodlands_5x15_sidewinder, nzn_winding_woodlands_5x15_eye,
          nzn_winding_woodlands_5x15_garden,
          nzn_winding_woodlands_15x15_five_gardens], layout_regular_city,
          portal_ice_cave_entry_pillars_2, chequers_serial_rivers_room_a,
          lemuel_fruit_fields, uniq_harold
Lair:3:   regret_index_wax_grids, layout_regular_city, serial_bayou_shore_b
Lair:4:   layout_regular_city, swamp_mist, minmay_snake_entry_spellcaster,
          st_stairs_10, uniq_urug

Skill      XL: |  1  2  3  4  5  6  7  8  9 10 11 12 13 |
---------------+----------------------------------------+-----
Dodging        | 3 4 6 7 8 9 10 | 10.5
Axes           | 4 5 6 7 8 10 14 15 17 18 | 18.1
Fighting       | 4 5 6 7 8 10 11 12 | 12.4

Action                   |  1- 3 |  4- 6 |  7- 9 | 10-12 | 13-15 || total
-------------------------+-------+-------+-------+-------+-------++-------
Melee: Hand axe          |   128 |   103 |   372 |   133 |    21 ||   757
       Tailslap          |    11 |    17 |    51 |   106 |    51 ||   236
       Punch             |     2 |     1 |     5 |    17 |     5 ||    30
       War axe           |       |       |       |   567 |   344 ||   911
Invok: Berserk           |       |     2 |     8 |     6 |     2 ||    18
       Brothers in Arms  |       |       |       |     1 |       ||     1
 Abil: Breathe Steam     |       |       |     2 |     6 |       ||     8
  Use: Scroll            |       |       |       |    18 |     2 ||    20
       Potion            |       |       |       |     4 |     1 ||     5
 Stab: Sleeping          |     1 |     1 |     2 |       |       ||     4
Armor: Skin              |    44 |    30 |    97 |   203 |   114 ||   488
Dodge: Dodged            |    87 |    39 |   187 |   391 |   260 ||   964
       Repelled          |       |       |     3 |     2 |     3 ||     8

Table legend: (Time is in decaauts)
 A = Elapsed time spent in this place.
 B = Non-inter-level travel time spent in this place.
 C = Inter-level travel time spent in this place.
 D = Time resting spent in this place.
 E = Time spent auto-exploring this place.
 F = Levels seen in this place.
 G = Mean time per level.
                   A        B        C        D        E       F      G
               +--------+--------+--------+--------+--------+-----+--------+
         Total |  22886 |  22391 |    495 |  10970 |   8530 |  15 | 1525.7 |
       Dungeon |  14523 |  14153 |    370 |   5891 |   6353 |  11 | 1320.3 |
          Lair |   8363 |   8238 |    125 |   5078 |   2176 |   4 | 2090.8 |
               +--------+--------+--------+--------+--------+-----+--------+

Top non-repeatable levels by time:
  Lair:2: 2834 daAuts
  Lair:3: 2423 daAuts
  Lair:1: 2293 daAuts
     D:8: 2086 daAuts
    D:10: 2014 daAuts
     D:6: 2006 daAuts
     D:1: 1688 daAuts
     D:5: 1483 daAuts
     D:7: 1269 daAuts
     D:4: 1208 daAuts
     D:2: 1107 daAuts
     D:3: 936 daAuts
  Lair:4: 811 daAuts
     D:9: 622 daAuts
    D:11: 100 daAuts
